 Dungeon Crawl Stone Soup version 0.23.2 (webtiles) character file.

Game seed: 3186491281339272044

533 Menchi the Slasher (level 7, -6/61 HPs)
             Began as a Ghoul Fighter on Apr 6, 2019.
             Killed by divine providence
             ... invoked by an orc priest
              (13 damage)
             ... on level 4 of the Dungeon.
             The game lasted 00:07:44 (2598 turns).

Menchi the Slasher (Ghoul Fighter)                  Turns: 2598, Time: 00:07:45

Health: -6/61      AC:  7    Str: 21    XL:     7   Next: 24%
Magic:  6/6        EV: 10    Int:  4    God:
Gold:   153        SH:  0    Dex:  8    Spells: 6/6 levels left

rFire    x . .     SeeInvis .   a - +1 long sword
rCold    + + .     Gourm    .   (no shield)
rNeg     + + +     Faith    .   b - +1 scale mail
rPois    ∞         Spirit   .   (no helmet)
rElec    .         Reflect  .   (no cloak)
rCorr    .         Harm     .   (no gloves)
MR       .....                  (no boots)
Stlth    ..........             (no amulet)
HPRegen  0.00/turn              g - ring of ice
MPRegen  0.10/turn              (no ring)

@: rotting
A: rotting body, claws 1, carnivore, cold resistance 1, negative energy
resistance 3, inhibited regeneration, torment resistance, unbreathing
a: no special abilities


You were on level 4 of the Dungeon.
You were not hungry.

You visited 1 branch of the dungeon, and saw 4 of its levels.

You collected 153 gold pieces.

Inventory:

Hand Weapons
 a - a +1 long sword (weapon)
Armour
 b - a +1 scale mail (worn)
Jewellery
 g - a ring of ice (left claw)
Scrolls
 c - a scroll of identify
 e - a scroll of fog
 j - a scroll of enchant armour
Potions
 d - a potion of mutation
 m - 2 potions of haste
 o - 2 potions of agility
Comestibles
 f - 7 rations


   Skills:
 * Level 5.0 Fighting
 * Level 5.7 Long Blades
 - Level 2.6 Armour
 * Level 2.3 Dodging
   Level 2.6 Shields


You had 6 spell levels left.
You didn't know any spells.
Your spell library contained the following spells:

 Spells                   Type           Power        Failure   Level  Hunger
 Animate Skeleton         Necr           N/A          83%         1    ##.....
 Apportation              Tloc           #.....       83%         1    ##.....
 Confusing Touch          Hex            #.....       83%         1    ##.....
 Corona                   Hex            #......      83%         1    ##.....
 Summon Small Mammal      Summ           #...         83%         1    ##.....
 Ensorcelled Hibernation  Hex/Ice        #.....       93%         2    ###....
 Confuse                  Hex            #.......     99%         3    ####...
 Dazzling Spray           Conj/Hex       #.....       99%         3    ####...
 Tukima's Dance           Hex            #.......     99%         3    ####...


Dungeon Overview and Level Annotations

Branches:
Dungeon (4/15)
 Temple: D:4-7

Altars:
Elyvilon
Zin
The Shining One


Innate Abilities, Weirdness & Mutations

Your body is rotting away.
You thrive on raw meat.
You are immune to poison.
You have sharp fingernails.
You are carnivorous and can eat meat at any time.
Your flesh is cold resistant. (rC+)
You are immune to negative energy. (rN+++)
You do not regenerate when monsters are visible.
You are immune to unholy pain and torment.
You can survive without breathing.


Message History

An orc comes into view. It is wielding a +0 mace.
Items here: )) †† a +0 flail; a +0 war axe; a giant cockroach corpse; an orc corpse The orc shouts!
You hit the orc priest.
The orc priest is moderately wounded.
You hear a howl!
The orc priest mumbles some strange prayers to Beogh against you.
Beogh smites you!
* * * LOW HITPOINT WARNING * * *
Okay, then.
You hit the orc priest.
The orc priest is moderately wounded.
The orc priest misses you.
You riposte.
You closely miss the orc priest.
The orc priest is moderately wounded.
A howler monkey comes into view.
The orc hits you but does no damage. The orc priest closely misses you.
The orc priest invokes the aid of Beogh against you.
Beogh smites you!
You die...

##.. #.##
##.# #.# #.
## ### #.#
#. ##.# #..#
##..# ##..##
##..##
#..##+##..##
#...oo@.##
#.#..####
.....
.......
.##.#..
...#.# .#.
.. # h#


You could see an orc priest and an orc.

Vanquished Creatures
  Grinder (D:3)
  Sigmund (D:2)
  An orc priest (D:4)
  4 gnolls (D:3)
  4 adders
  A worm (D:2)
  A dart slug (D:2)
  A leopard gecko (D:1)
  6 orcs
  2 giant cockroaches
  4 goblins
  2 hobgoblins (D:1)
  18 jackals
  3 quokkas
  A ball python (D:1)
  6 bats
  2 frilled lizards (D:1)
  8 kobolds
  A quokka skeleton (D:4)
  6 rats
73 creatures vanquished.

Notes
Turn   | Place    | Note
-------+----------+-------------------------------------------
     0 | D:1      | Menchi the Ghoul Fighter began the quest for the Orb.
     0 | D:1      | Reached XP level 1. HP: 19/19 MP: 0/0
   228 | D:1      | Reached XP level 2. HP: 25/26 MP: 1/1
   965 | D:2      | Reached XP level 3. HP: 21/31 MP: 2/2
  1043 | D:2      | Reached skill level 1 in Dodging
  1130 | D:2      | Reached XP level 4. HP: 13/40 MP: 3/3
  1471 | D:2      | Noticed Sigmund
  1487 | D:2      | Killed Sigmund
  1487 | D:2      | Reached XP level 5. HP: 43/47 MP: 4/4
  1487 | D:2      | Reached XP level 6. HP: 48/53 MP: 5/5
  1765 | D:3      | Noticed Grinder
  1780 | D:3      | Found a faded altar of an unknown god.
  1794 | D:3      | Paralysed by Grinder for 6 turns
  1802 | D:3      | Killed Grinder
  1802 | D:3      | Reached skill level 5 in Long Blades
  1862 | D:3      | Reached XP level 7. HP: 40/60 MP: 6/6
  2275 | D:3      | Found a glowing golden altar of the Shining One.
  2278 | D:3      | Found a glowing silver altar of Zin.
  2279 | D:3      | Found a white marble altar of Elyvilon.
  2589 | D:4      | Reached skill level 5 in Fighting
  2598 | D:4      | Killed from afar by an orc priest

Skill      XL: |  1  2  3  4  5  6  7 |
---------------+----------------------+-----
Long Blades    | 2 3 4 5 |  5.7
Dodging        | 1 2 |  2.3
Fighting       | 4 5 |  5.0
Armour         | |  2.6
Shields        | |  2.6

Action                   |  1- 3 |  4- 6 |  7- 9 || total
-------------------------+-------+-------+-------++-------
Melee: Long sword        |    93 |    62 |    62 ||   217
  Use: Potion            |       |     2 |       ||     2
       Scroll            |       |       |     8 ||     8
  Eat: Chunk             |     7 |     6 |     6 ||    19
Armor: Scale mail        |    58 |    26 |    22 ||   106
Dodge: Dodged            |    58 |    31 |    42 ||   131
       Rpst.: Long sword |    20 |     9 |    16 ||    45
